SA
NEBRASKA PLAINSMEN @ GALESBURG GUZZLERS
08/31/2024
 
TOP OF THE 1ST
Nebraska Plainsmen batting - Pitching for Galesburg Guzzlers : LHP Walt Cooley
Pitching: LHP Walt Cooley
Batting: RHB George St. Clair 0-0: Ball
1-0: Ball
2-0: SINGLE (Groundball, 56D)
Batting: RHB Luis Aragón 0-0: Called Strike
0-1: Ball
1-1: Ball
2-1: Grounds into double play, 3-6-4 (Groundball, 34)
Batting: RHB Bob Barlow 0-0: Ball
1-0: Swinging Strike
1-1: Ground out 6-3 (Groundball, 6)
Top of the 1st over - 0 run(s), 1 hit(s), 0 error(s), 0 left on base; Nebraska 0 - Galesburg 0
BOTTOM OF THE 1ST
Galesburg Guzzlers batting - Pitching for Nebraska Plainsmen : RHP Enrique Castillo
Pitching: RHP Enrique Castillo
Batting: RHB Roland Deschain 0-0: Ball
1-0: SINGLE (Groundball, 56D)
Batting: LHB Gabriel Díaz 0-0: Ball
1-0: Called Strike
1-1: SINGLE (Line Drive, 7LS)
Roland Deschain to second
Batting: RHB Grady Walkinshaw 0-0: Ball
1-0: Foul Ball, location: 2F
1-1: Fly out, F9 (Flyball, 89M)
Batting: RHB Fernando Rivera 0-0: Ball
1-0: SINGLE (Groundball, 15S) (infield hit)
Roland Deschain to third
Gabriel Díaz to second
Batting: RHB Bubba Blevins 0-0: Ball
1-0: Swinging Strike
1-1: Foul Ball, location: 2F
1-2: Strikes out looking
Batting: LHB John Ennis 0-0: Called Strike
0-1: Ball
1-1: Foul Ball, location: 2F
1-2: Foul Ball, location: 2F
1-2: Strikes out looking
Bottom of the 1st over - 0 run(s), 3 hit(s), 0 error(s), 3 left on base; Nebraska 0 - Galesburg 0
TOP OF THE 2ND
Nebraska Plainsmen batting - Pitching for Galesburg Guzzlers : LHP Walt Cooley
Batting: RHB Carl Wheezer 0-0: Called Strike
0-1: SINGLE (Line Drive, 4M)
Batting: RHB Mike Taylor 0-0: Called Strike
0-1: Foul Ball, location: 2F
0-2: Ball
1-2: Strikes out looking
Batting: RHB Lorenzo Ruíz 0-0: Ball
1-0: Swinging Strike
1-1: Ball
2-1: Foul Ball, location: 2F
2-2: Reached on error, E3 (Groundball, 3)
Carl Wheezer to second
Batting: RHB Levi Tess 0-0: Foul Ball, location: 2F
0-1: Grounds into double play, 6-4-3 (Groundball, 6)
Top of the 2nd over - 0 run(s), 1 hit(s), 1 error(s), 1 left on base; Nebraska 0 - Galesburg 0
BOTTOM OF THE 2ND
Galesburg Guzzlers batting - Pitching for Nebraska Plainsmen : RHP Enrique Castillo
Batting: RHB Gabrio Campoverde 0-0: Foul Ball, location: 2F
0-1: Ball
1-1: Called Strike
1-2: Ground out 5-3 (Groundball, 56)
Batting: RHB Carlos Cardona 0-0: Called Strike
0-1: Ball
1-1: Foul Ball, location: 2F
1-2: Ground out 5-3 (Groundball, 5)
Batting: RHB Pierre Bernard 0-0: Swinging Strike
0-1: Foul Ball, location: 2F
0-2: Strikes out swinging
Bottom of the 2nd over - 0 run(s), 0 hit(s), 0 error(s), 0 left on base; Nebraska 0 - Galesburg 0
TOP OF THE 3RD
Nebraska Plainsmen batting - Pitching for Galesburg Guzzlers : LHP Walt Cooley
Batting: RHB Jorge Salgado 0-0: Ground out 1-3 (Groundball, 13S)
Batting: LHB Sisto Pagnamenta 0-0: Called Strike
0-1: Ball
1-1: Foul Ball, location: 2F
1-2: Strikes out swinging
Batting: RHB George St. Clair 0-0: Foul Ball, location: 2F
0-1: Called Strike
0-2: Strikes out swinging
Top of the 3rd over - 0 run(s), 0 hit(s), 0 error(s), 0 left on base; Nebraska 0 - Galesburg 0
BOTTOM OF THE 3RD
Galesburg Guzzlers batting - Pitching for Nebraska Plainsmen : RHP Enrique Castillo
Batting: RHB Roland Deschain 0-0: Called Strike
0-1: SINGLE (Line Drive, 78M)
Batting: LHB Gabriel Díaz 0-0: Ball
1-0: Ball
2-0: Foul Ball, location: 2F
2-1: Called Strike
2-2: Strikes out looking
Batting: RHB Grady Walkinshaw 0-0: Ball
1-0: Foul Ball, location: 2F
1-1: Fly out, F9 (Flyball, 9D)
Batting: RHB Fernando Rivera 0-0: Ball
1-0: SINGLE (Line Drive, 3D)
Roland Deschain to second
Throwing error, E9
Roland Deschain scores
Fernando Rivera to second
Batting: RHB Bubba Blevins 0-0: Ball
1-0: DOUBLE (Groundball, 5L)
Fernando Rivera scores
Batting: LHB John Ennis 0-0: Ball
1-0: Swinging Strike
1-1: Ball
2-1: Foul Ball, location: 2F
2-2: Strikes out swinging
Bottom of the 3rd over - 2 run(s), 3 hit(s), 1 error(s), 1 left on base; Nebraska 0 - Galesburg 2
TOP OF THE 4TH
Nebraska Plainsmen batting - Pitching for Galesburg Guzzlers : LHP Walt Cooley
Batting: RHB Luis Aragón 0-0: Fly out, F2 (Popup, 23F)
Batting: RHB Bob Barlow 0-0: Ball
1-0: Ball
2-0: Called Strike
2-1: Foul Ball, location: 2F
2-2: Fly out, F3 (Popup, 3)
Batting: RHB Carl Wheezer 0-0: Swinging Strike
0-1: Ball
1-1: Ball
2-1: SINGLE (Flyball, 4MD)
Batting: RHB Mike Taylor 0-0: Called Strike
0-1: Ball
1-1: Ball
2-1: DOUBLE (Line Drive, 89M)
Carl Wheezer to third
Runner from 3rd tries for Home, SAFE, no throw or cutoff
Batting: RHB Lorenzo Ruíz 0-0: Called Strike
0-1: Ball
1-1: Swinging Strike
1-2: Foul Ball, location: 2F
1-2: Foul Ball, location: 2F
1-2: Ground out 5-3 (Groundball, 5L)
Top of the 4th over - 1 run(s), 2 hit(s), 0 error(s), 1 left on base; Nebraska 1 - Galesburg 2
BOTTOM OF THE 4TH
Galesburg Guzzlers batting - Pitching for Nebraska Plainsmen : RHP Enrique Castillo
Batting: RHB Gabrio Campoverde 0-0: Swinging Strike
0-1: Foul Ball, location: 2F
0-2: Ball
1-2: Ground out 5-3 (Groundball, 56)
Batting: RHB Carlos Cardona 0-0: Foul Ball, location: 2F
0-1: Foul Ball, location: 2F
0-2: Strikes out swinging
Batting: RHB Pierre Bernard 0-0: Foul Ball, location: 2F
0-1: Ball
1-1: Foul Ball, location: 2F
1-2: Foul Ball, location: 2F
1-2: Ball
2-2: Ball
3-2: Strikes out swinging
Bottom of the 4th over - 0 run(s), 0 hit(s), 0 error(s), 0 left on base; Nebraska 1 - Galesburg 2
TOP OF THE 5TH
Nebraska Plainsmen batting - Pitching for Galesburg Guzzlers : LHP Walt Cooley
Batting: RHB Levi Tess 0-0: Fly out, F9 (Flyball, 9LS)
Batting: RHB Jorge Salgado 0-0: Ball
1-0: Called Strike
1-1: Ball
2-1: Foul Ball, location: 2F
2-2: Strikes out swinging
Batting: LHB Sisto Pagnamenta 0-0: Called Strike
0-1: Ball
1-1: Foul Ball, location: 2F
1-2: Ball
2-2: Ball
3-2: Strikes out looking
Top of the 5th over - 0 run(s), 0 hit(s), 0 error(s), 0 left on base; Nebraska 1 - Galesburg 2
BOTTOM OF THE 5TH
Galesburg Guzzlers batting - Pitching for Nebraska Plainsmen : RHP Enrique Castillo
Batting: RHB Roland Deschain 0-0: Called Strike
0-1: Fly out, F9 (Flyball, 89M)
Batting: LHB Gabriel Díaz 0-0: Ball
1-0: SINGLE (Line Drive, 89S)
Batting: RHB Grady Walkinshaw 0-0: Ball
Gabriel Díaz is caught stealing 2nd base
1-0: Ball
2-0: Ball
3-0: Called Strike
3-1: Called Strike
3-2: Foul Ball, location: 2F
3-2: Ground out 5-3 (Groundball, 5L)
Bottom of the 5th over - 0 run(s), 1 hit(s), 0 error(s), 0 left on base; Nebraska 1 - Galesburg 2
TOP OF THE 6TH
Nebraska Plainsmen batting - Pitching for Galesburg Guzzlers : LHP Walt Cooley
Batting: RHB George St. Clair 0-0: Ball
1-0: Ball
2-0: Called Strike
2-1: SINGLE (Line Drive, 7LS)
Batting: RHB Luis Aragón 0-0: Bunt missed!
0-1: Ball
1-1: Bunted foul
1-2: TRIPLE (Flyball, 9LM)
George St. Clair scores
Batting: RHB Bob Barlow 0-0: Ground out 5-3 (Groundball, 56)
Batting: RHB Carl Wheezer 0-0: Ball
1-0: Ball
2-0: Called Strike
2-1: Ground out 5-3 (Groundball, 5S)
Batting: RHB Mike Taylor 0-0: Ball
1-0: Swinging Strike
1-1: Ball
2-1: Foul Ball, location: 2F
2-2: Strikes out swinging
Top of the 6th over - 1 run(s), 2 hit(s), 0 error(s), 1 left on base; Nebraska 2 - Galesburg 2
BOTTOM OF THE 6TH
Galesburg Guzzlers batting - Pitching for Nebraska Plainsmen : RHP Enrique Castillo
Batting: RHB Fernando Rivera 0-0: Ground out 6-3 (Groundball, 56)
Batting: RHB Bubba Blevins 0-0: Ball
1-0: Ball
2-0: Called Strike
2-1: Foul Ball, location: 2F
2-2: Ball
3-2: Base on Balls
Batting: LHB John Ennis 0-0: Grounds into double play, 6-4-3 (Groundball, 6M)
Bottom of the 6th over - 0 run(s), 0 hit(s), 0 error(s), 0 left on base; Nebraska 2 - Galesburg 2
TOP OF THE 7TH
Nebraska Plainsmen batting - Pitching for Galesburg Guzzlers : LHP Walt Cooley
Batting: RHB Lorenzo Ruíz 0-0: Called Strike
0-1: Called Strike
0-2: Ball
1-2: Ball
2-2: Ball
3-2: Ground out 1-3 (Groundball, 13S)
Pinch Hitting: RHB Jim Unknown 0-0: Ball
1-0: Ball
2-0: Ball
3-0: Base on Balls
Batting: RHB Jorge Salgado 0-0: Ball
1-0: Ball
2-0: Ground out 5-3 (Groundball, 56S)
Jim Unknown to second
Batting: LHB Sisto Pagnamenta 0-0: Ball
1-0: Ball
2-0: Fly out, F7 (Line Drive, 7LD)
Top of the 7th over - 0 run(s), 0 hit(s), 0 error(s), 1 left on base; Nebraska 2 - Galesburg 2
BOTTOM OF THE 7TH
Galesburg Guzzlers batting - Pitching for Nebraska Plainsmen : RHP Enrique Castillo
Now in LF: Jim Unknown
Batting: RHB Gabrio Campoverde 0-0: Ball
1-0: Fly out, F9 (Flyball, 9S)
Batting: RHB Carlos Cardona 0-0: Ball
1-0: Ground out 5-3 (Groundball, 5)
Pinch Hitting: LHB Guillermo Castro 0-0: Ball
1-0: Ball
2-0: Called Strike
2-1: Foul Ball, location: 2F
2-2: Ball
3-2: Ground out 6-3 (Groundball, 6)
Bottom of the 7th over - 0 run(s), 0 hit(s), 0 error(s), 0 left on base; Nebraska 2 - Galesburg 2
TOP OF THE 8TH
Nebraska Plainsmen batting - Pitching for Galesburg Guzzlers : LHP Walt Cooley
Now in CF: José Díaz
Batting: RHB George St. Clair 0-0: Ball
1-0: Ground out 6-3 (Groundball, 6)
Batting: RHB Luis Aragón 0-0: Ball
1-0: Ball
2-0: Ground out 6-3 (Groundball, 6)
Batting: RHB Bob Barlow 0-0: Ball
1-0: DOUBLE (Flyball, 8LXD)
Pitching: LHP Jim Unknown
Batting: RHB Carl Wheezer 0-0: Fly out, F5 (Popup, 25F)
Top of the 8th over - 0 run(s), 1 hit(s), 0 error(s), 1 left on base; Nebraska 2 - Galesburg 2
BOTTOM OF THE 8TH
Galesburg Guzzlers batting - Pitching for Nebraska Plainsmen : RHP Enrique Castillo
Batting: RHB Roland Deschain 0-0: Ground out 5-3 (Groundball, 56S)
Batting: LHB Gabriel Díaz 0-0: Ball
1-0: Ball
2-0: Ball
3-0: Base on Balls
Batting: RHB Grady Walkinshaw 0-0: Ball
Gabriel Díaz is caught stealing 2nd base
1-0: Ball
2-0: Swinging Strike
2-1: Ball
3-1: Base on Balls
Batting: RHB Fernando Rivera 0-0: SINGLE (Line Drive, 7LM)
Grady Walkinshaw to second
Batting: RHB Bubba Blevins 0-0: SINGLE (Flyball, 8RS)
Grady Walkinshaw to third
Fernando Rivera to second
Runner from 3rd tries for Home, SAFE, no throw or cutoff
Batting: LHB John Ennis 0-0: Called Strike
0-1: Foul Ball, location: 2F
0-2: Foul Ball, location: 2F
0-2: Ball
1-2: Ground out 3-1 (Groundball, 3)
Bottom of the 8th over - 1 run(s), 2 hit(s), 0 error(s), 2 left on base; Nebraska 2 - Galesburg 3
TOP OF THE 9TH
Nebraska Plainsmen batting - Pitching for Galesburg Guzzlers : LHP Jim Unknown
Pitching: LHP Carlos Casas
Now at C: Roberto Alonzo
Now in LF: Lee Allen
Batting: RHB Mike Taylor 0-0: Ground out 6-3 (Groundball, 6M)
Batting: RHB Lorenzo Ruíz 0-0: Foul Ball, location: 2F
0-1: Ball
1-1: Foul Ball, location: 2F
1-2: Ball
2-2: Ball
3-2: Ground out 5-3 (Groundball, 5L)
Batting: RHB Jim Unknown 0-0: Ball
1-0: Called Strike
1-1: Foul Ball, location: 2F
1-2: Ball
2-2: Strikes out swinging
Top of the 9th over - 0 run(s), 0 hit(s), 0 error(s), 0 left on base; Nebraska 2 - Galesburg 3
This league is powered by Out of the Park Baseball, the baseball management simulation game for PC, Mac and Linux
Monday, October 3rd, 2016 - OOTP Baseball 16.9 Build 39